 Dungeon Crawl Stone Soup version 0.23.2-1-ga50397a (webtiles) character file.

Game seed: 107714117679991663

1868 xveg the Slinger (level 8, -7/72 HPs)
             Began as a Demigod Hunter on May 15, 2019.
             Mangled by an orc warrior
             ... wielding a +0 hand axe
              (14 damage)
             ... on level 6 of the Dungeon.
             The game lasted 00:09:40 (5637 turns).

xveg the Slinger (Demigod Hunter)                   Turns: 5637, Time: 00:09:41

Health: -7/72      AC: 11    Str: 19    XL:     8   Next: 59%
Magic:  17/17      EV: 12    Int: 15    God:
Gold:   148        SH:  0    Dex: 16    Spells: 14/14 levels left

rFire    + . .     SeeInvis .   a - +1 hunting sling
rCold    . . .     Gourm    .   (no shield)
rNeg     . . .     Faith    .   k - +5 ring mail {rC+}
rPois    .         Spirit   .   (no helmet)
rElec    .         Reflect  .   (no cloak)
rCorr    .         Harm     .   (no gloves)
MR       .....     Clarity  +   v - +0 pair of boots
Stlth    +.........             o - amulet of the acrobat
HPRegen  0.22/turn              u - ring of fire
MPRegen  0.15/turn              (no ring)

@: no status effects
A: clarity, high mp 1, robust 1, no potion heal 1
a: no special abilities


You were on level 6 of the Dungeon.
You were full.

You visited 1 branch of the dungeon, and saw 6 of its levels.

You collected 148 gold pieces.

Inventory:

Hand Weapons
 a - a +1 hunting sling (weapon)
 b - a +0 short sword
 p - a +0 spear of venom
Missiles
 e - 110 stones (quivered)
 g - 3 throwing nets
Armour
 c - a +0 leather armour
 k - a +5 ring mail of cold resistance (worn)
 v - a +0 pair of boots (worn)
Jewellery
 o - an amulet of the acrobat (around neck)
 u - a ring of fire (left hand)
 x - an uncursed ring of ice {unknown}
Wands
 d - a wand of polymorph (10)
 j - a wand of iceblast (9)
 w - a wand of digging (6)
Scrolls
 l - 5 scrolls of identify
 m - a scroll of blinking
 q - 3 scrolls of remove curse
 y - a scroll of brand weapon {unknown}
Potions
 h - a potion of degeneration
 i - a potion of berserk rage {unknown}
 n - a potion of magic {unknown}
 r - 3 potions of cancellation
 s - a potion of curing
 t - 2 potions of brilliance {unknown}
 z - a potion of lignification
Comestibles
 f - 11 rations


   Skills:
 + Level 4.2 Fighting
 + Level 8.6 Slings
 + Level 2.6 Armour
 + Level 2.7 Dodging
 + Level 1.1 Stealth
 * Level 3.9 Spellcasting


You had 14 spell levels left.
You didn't know any spells.
Your spell library contained the following spells:

 Spells                   Type           Power        Failure   Level  Hunger
 Shock                    Conj/Air       #...         30%         1    None
 Swiftness                Chrm/Air       #.......     43%         2    ##.....
 Static Discharge         Conj/Air       #.......     67%         3    ###....
 Airstrike                Air            #.........   97%         4    ####...
 Lightning Bolt           Conj/Air       #.........   100%        5    ######.


Dungeon Overview and Level Annotations

Branches:
Dungeon (6/15)
 Temple: D:4-7


Innate Abilities, Weirdness & Mutations

You have an increased reservoir of magic. (+10% MP)
You possess an exceptional clarity of mind.
You are robust. (+10% HP)
Potions are less effective at restoring your health.


Message History

The stone closely misses the orc warrior.
The orc warrior hits you but does no damage.
Firing (i - inventory. (/) - cycle)
e - 112 stones (quivered)
Press: ? - help, Shift-Dir - straight line, f/p - orc warrior
Aim: an orc warrior, wielding a +0 hand axe and wearing a +0 plate armour (almost dead)
You shoot a stone.
The stone hits the orc warrior but does no damage.
The orc warrior is almost dead.
Firing (i - inventory. (/) - cycle)
e - 111 stones (quivered)
Press: ? - help, Shift-Dir - straight line, f/p - orc warrior
Aim: an orc warrior, wielding a +0 hand axe and wearing a +0 plate armour (almost dead)
You shoot a stone.
The stone hits the orc warrior but does no damage.
The orc warrior is almost dead.
The orc warrior hits you with a +0 hand axe.
* * * LOW HITPOINT WARNING * * *
Your system partially rejects the healing.
You feel better.
The orc warrior hits you with a +0 hand axe!
You die...

#....# #.......#..#.# #
#....# #######.#..#.# #
#....##### #.<..#.# #
#........# #....#.# #
####.....########....#.#
# #......)..........#.#
# ###........######.#.#
# #..[.....# .#.# #
#(((.o@..# ##.# #
#[)[....(# #.# #
...(........# #.# #
...(...####### #.#####
........# #......
..).(...# #######
...)....# (.......#


You could see an orc warrior.

Vanquished Creatures
  Pikel (D:6)
  Grinder (D:3)
  Sigmund (D:3)
  An ogre (D:4)
  A slave (D:6)
  A necrophage (D:5)
  2 scorpions (D:5)
  A howler monkey (D:5)
  A crimson imp (D:5)
  Crazy Yiuf (D:3)
  A bullfrog skeleton (D:4)
  A centaur zombie (D:4)
  4 orc priests
  3 orc wizards
  Ijyb (D:3)
  Jessica (D:3)
  An iguana (D:5)
  A worker ant (D:4)
  A hound zombie (D:4)
  A howler monkey zombie (D:5)
  4 gnolls
  9 adders
  A shadow imp (D:5)
  2 oozes
  An adder skeleton (D:4)
  2 adder zombies (D:4)
  2 dart slugs
  5 leopard geckos
  17 orcs
  3 ball pythons
  8 bats
  7 giant cockroaches
  8 goblins
  5 hobgoblins
  12 jackals
  2 quokkas
  6 frilled lizards
  2 jackal zombies (D:4)
  5 kobolds
  A leopard gecko zombie (D:4)
  A quokka skeleton (D:4)
  A quokka zombie (D:4)
  7 rats
137 creatures vanquished.

Vanquished Creatures (others)
  3 slaves (D:6)
  3 orcs (D:6)
  4 toadstools (D:1)
10 creatures vanquished.

Grand Total: 147 creatures vanquished

Notes
Turn   | Place    | Note
-------+----------+-------------------------------------------
     0 | D:1      | xveg the Demigod Hunter began the quest for the Orb.
     0 | D:1      | Reached XP level 1. HP: 17/17 MP: 3/3
    63 | D:1      | Reached XP level 2. HP: 18/24 MP: 4/4
   432 | D:1      | Reached skill level 4 in Slings
   569 | D:1      | Reached XP level 3. HP: 29/29 MP: 5/5
   775 | D:1      | Found a sparkling altar of Nemelex Xobeh.
   896 | D:2      | Found a glowing golden altar of the Shining One.
  1327 | D:2      | Found a hazy altar of Hepliaklqana.
  1339 | D:2      | Reached XP level 4. HP: 37/37 MP: 7/7
  1373 | D:2      | Found an iron altar of Okawaru.
  1787 | D:2      | Gained mutation: You are frail. (-10% HP) [potion of
                  | mutation]
  1787 | D:2      | Gained mutation: You possess an exceptional clarity of
                  | mind. [potion of mutation]
  1787 | D:2      | Gained mutation: You have a pair of small horns on your
                  | head. [potion of mutation]
  1787 | D:2      | Gained mutation: You are partially covered in iridescent
                  | scales. (AC +2) [potion of mutation]
  1884 | D:3      | Noticed Sigmund
  1901 | D:2      | Reached skill level 5 in Slings
  2178 | D:3      | Killed Sigmund
  2178 | D:3      | Reached skill level 1 in Stealth
  2178 | D:3      | Reached skill level 1 in Spellcasting
  2178 | D:3      | Reached XP level 5. HP: 37/37 MP: 7/9
  2548 | D:4      | Reached skill level 1 in Armour
  2628 | D:3      | Reached XP level 6. HP: 33/45 MP: 11/11
  2664 | D:3      | Noticed Grinder
  2683 | D:3      | Killed Grinder
  2683 | D:3      | Reached skill level 6 in Slings
  2782 | D:3      | Noticed Ijyb
  2803 | D:3      | Killed Ijyb
  2839 | D:3      | Found a runed translucent door.
  2840 | D:3      | Noticed Crazy Yiuf
  3044 | D:3      | Noticed Jessica
  3047 | D:3      | Killed Jessica
  3059 | D:3      | Found a deep blue altar of Sif Muna.
  3206 | D:3      | Lost mutation: You are frail. (-10% HP) [potion of
                  | mutation]
  3206 | D:3      | Lost mutation: You have a pair of small horns on your head.
                  | [potion of mutation]
  3206 | D:3      | Lost mutation: You are partially covered in iridescent
                  | scales. (AC +2) [potion of mutation]
  3206 | D:3      | Gained mutation: Potions are less effective at restoring
                  | your health. [potion of mutation]
  3206 | D:3      | Gained mutation: You are robust. (+10% HP) [potion of
                  | mutation]
  3273 | D:3      | Killed Crazy Yiuf
  3273 | D:3      | Reached XP level 7. HP: 62/62 MP: 13/13
  3746 | D:4      | Reached skill level 7 in Slings
  4385 | D:5      | Entered Level 5 of the Dungeon
  4656 | D:5      | Reached XP level 8. HP: 59/71 MP: 15/15
  5376 | D:6      | Reached skill level 8 in Slings
  5548 | D:6      | Noticed Pikel
  5574 | D:6      | Killed Pikel
  5637 | D:6      | Mangled by an orc warrior

Skill      XL: |  1  2  3  4  5  6  7  8 |
---------------+-------------------------+-----
Fighting       | 2 3 4 |  4.2
Slings         | 4 5 6 7 8 |  8.6
Dodging        | 2 |  2.7
Stealth        | 1 |  1.1
Spellcasting   | 1 2 3 |  3.9
Armour         | 1 2 |  2.6

Action                   |  1- 3 |  4- 6 |  7- 9 || total
-------------------------+-------+-------+-------++-------
 Fire: Hunting sling     |   146 |   181 |   303 ||   630
  Use: Scroll            |     1 |     7 |     4 ||    12
       Potion            |       |     5 |     1 ||     6
  Eat: Chunk             |     1 |     1 |     3 ||     5
       Ration            |       |     2 |     2 ||     4
Armor: Leather armour    |    12 |     1 |       ||    13
       Ring mail         |       |    30 |    53 ||    83
Dodge: Dodged            |    36 |    55 |    91 ||   182
